 Dungeon Crawl Stone Soup version 0.31.0-12-g77e489cdc1 (webtiles) character file.

Game seed: 3617107838323543752

89 hawla the Trooper (level 4, 0/40 HPs)
             Began as a Minotaur Fighter on Mar 5, 2024.
             Succumbed to a gnoll's poison
             ... on level 3 of the Dungeon.
             The game lasted 00:03:28 (1438 turns).

hawla the Trooper (Minotaur Fighter)                Turns: 1438, Time: 00:03:28

Health: 0/40       AC: 13    Str: 19 (22) XL:     4   Next: 31%
Magic:  3/3        EV: 10    Int:  3 (5)  God:
Gold:   109        SH:  4    Dex:  8 (10) Spells: 3/3 levels left

rFire   . . .        a - +0 war axe (protect)
rCold   . . .        c - +0 buckler
rNeg    . . .        b - +0 scale mail
rPois   .            (helmet restricted)
rElec   .            (no cloak)
rCorr   .            (no gloves)
SInv    .            (no boots)
Will    +....        (no amulet) Stlth
                     (no ring)
HPRegen 0.26/turn    (no ring)
MPRegen 0.08/turn

%: no passive effects
@: lethally poisoned (0 -> -33), under a protective aura, enlightened, flying
A: horns 2, retaliatory headbutt
a: no special abilities


You were on level 3 of the Dungeon.
You visited 1 branch of the dungeon, and saw 3 of its levels.

You collected 109 gold pieces.

Inventory:

Hand Weapons
 a - a +0 war axe of protection (weapon)
Armour
 b - a +0 scale mail (worn)
 c - a +0 buckler (worn)
Scrolls
 f - a scroll of acquirement {unknown}
 i - a scroll of poison
 j - a scroll of blinking {unknown}
 l - a scroll of revelation {unknown}
 m - a scroll of amnesia {unknown}
 n - a scroll of teleportation {unknown}
Potions
 d - a potion of might
 e - a potion of enlightenment
 g - a potion of haste {unknown}
 k - a potion of degeneration


   Skills:
 + Level 4.2 Fighting
 - Level 2.4 Axes
 - Level 3.6 Armour
 - Level 4.0 Dodging
 - Level 3.6 Shields


You had 3 spell levels left.
You didn't know any spells.
Your spell library was empty.

Dungeon Overview and Level Annotations

Branches:
Dungeon (3/15)

Altars:


Innate Abilities, Weirdness & Mutations

You have a pair of horns on your head.
You reflexively headbutt those who attack you in melee.


Message History

You see here a +0 short sword.
You closely miss the gnoll. x2; You barely miss the gnoll.
You feel sick. The gnoll barely misses you. You furiously retaliate!
You headbutt the gnoll!
You kill the gnoll!
The gnoll hits you but does no damage.
The gnoll hits you with a +0 spear of venom.
You are more poisoned.
You block the gnoll's attack. The gnoll closely misses you.
You barely miss the gnoll. You closely miss the gnoll.
You feel very sick. The gnoll closely misses you.
The gnoll hits you with a +0 spear.
Unknown command.
You slash the gnoll!
Your weapon exudes an aura of protection.
Your headbutt misses the gnoll.
The gnoll is heavily wounded.
You hit the gnoll.
You feel sick.
The gnoll hits you with a +0 spear of venom!
You are lethally poisoned!
The gnoll hits you but does no damage. x2; The gnoll closely misses you.
As you read the scroll of summoning, it crumbles to dust.
Wisps of shadow whirl around you...
You feel very sick. The gnoll hits you but does no damage.
You are more poisoned.
The gnoll misses you.
It was a potion of degeneration.
There was something very wrong with that liquid.
You feel weakened.
You feel dopey.
You feel clumsy.
* * * LOW HITPOINT WARNING * * *
You feel extremely sick. The gnoll hits you but does no damage.
You are more poisoned.
The gnoll hits you but does no damage.
Your gnoll hits the gnoll with a +0 club.
Your gnoll closely misses the gnoll.
It was a potion of enlightenment.
You feel very buoyant.
You fly up into the air.
You die...

# ..$... # .......#
...... # #......# .....
# #......# ....
#######...##.####...#
......#.......#.#.⌠.#
......#.. #.....#g..#
......#..##..)#.#g..#.#
#####.#.......#.@g.g..#
# #.##......#w.lg...# #
#.#####..########## #
#.# #†.# # #.#
#..###### #
#.#####......... #
#..)........###.
############....# ...#
######


You could see 2 gnolls, a friendly ribbon worm (summoned), 3 friendly gnolls and
a friendly frilled lizard (summoned).

Vanquished Creatures
  2 gnolls (D:3)
  A ribbon worm (D:3)
  A dart slug (D:1)
  13 endoplasms
  A giant cockroach (D:2)
  6 goblins
  3 hobgoblins
  10 jackals
  7 kobolds
  A quokka (D:3)
  5 ball pythons
  4 bats
  A rat (D:1)
55 creatures vanquished.

Notes
Turn   | Place    | Note
-------+----------+-------------------------------------------
     0 | D:1      | hawla the Minotaur Fighter began the quest for the Orb.
     0 | D:1      | Reached XP level 1. HP: 19/19 MP: 0/0
   299 | D:1      | Reached skill level 1 in Dodging
   326 | D:1      | Reached XP level 2. HP: 17/26 MP: 1/1
   795 | D:2      | Reached XP level 3. HP: 28/31 MP: 2/2
  1400 | D:3      | Reached XP level 4. HP: 39/40 MP: 3/3
  1438 | D:3      | Succumbed to a gnoll's poison

Illustrated notes

Levels and vault maps discovered:
D:1:      minmay_arrival_widening_spiral_wide, layout_basic, minmay_distorted
D:2:      layout_rooms, minmay_pentomino_r2
D:3:      layout_loops_cross, nicolae_elevator_lobby_asterisk

Skill      XL: |  1  2  3  4 |
---------------+-------------+-----
Dodging        | 1 3 4 |  4.0
Fighting       | 4 |  4.2
Axes           | |  2.4
Armour         | |  3.6
Shields        | |  3.6

Action                     |  1- 3 |  4- 6 || total
---------------------------+-------+-------++-------
  Melee: War axe           |    82 |    10 ||    92
         Headbutt          |     9 |       ||     9
    Use: Scroll            |     5 |     1 ||     6
         Potion            |       |     2 ||     2
 Armour: Scale mail        |    53 |    19 ||    72
  Dodge: Dodged            |    40 |    14 ||    54
  Block: Buckler           |    16 |     7 ||    23
